 Dungeon Crawl Stone Soup version 0.20.0-15-g7f486f2 (webtiles) character file.

76 grizmgrazm2 the Sneak (level 4, 0/30 HPs)
             Began as a Vampire Enchanter on July 1, 2017.
             Succumbed to an adder's poison
             ... on level 2 of the Dungeon.
             The game lasted 00:06:01 (2107 turns).

grizmgrazm2 the Sneak (Vampire Enchanter)           Turns: 2107, Time: 00:06:02

Health: 0/30       AC:  0    Str:  7      XL:     4   Next: 12%
Magic:  0/7        EV: 20    Int: 16 (18) God:
Gold:   63         SH:  0    Dex: 18 (19) Spells: 2/8 levels left

rFire    . . .     SeeInvis +   (weapon currently unavailable)
rCold    . . .     Gourm    .   (shield currently unavailable)
rNeg     + . .     Faith    .   (armour currently unavailable)
rPois    .         Spirit   .   (helmet currently unavailable)
rElec    .         Reflect  .   (cloak currently unavailable)
rCorr    .         Harm     .   (gloves currently unavailable)
MR       .....                  (boots currently unavailable)
Stlth    +++++.....             (no amulet)
Regen    0.1/turn               (ring currently unavailable)
MPRegen  0.1/turn               (ring currently unavailable)

@: lethally poisoned (0 -> -1), bat-form, flying, hasted, very quick
A: fangs 3, see invisible
a: End Transformation


You were on level 2 of the Dungeon.
You were not thirsty.
You were in vampire-bat-form.
You visited 1 branch of the dungeon, and saw 4 of its levels.

You collected 63 gold pieces.

Inventory:

Hand Weapons
 a - a +1 dagger (melded)
Armour
 b - a +1 robe (melded)
Scrolls
 f - a scroll of identify
 g - a scroll of fear
 j - a scroll of recharging
Potions
 d - 3 potions of blood
 h - a potion of lignification
Books
 c - a book of Maledictions

   Spells                             Type                      Level
   a - Corona                         Hexes                        1
   b - Ensorcelled Hibernation        Hexes/Ice                    2
   c - Confuse                        Hexes                        3
   d - Tukima's Dance                 Hexes                        3
   e - Dazzling Spray                 Conjuration/Hexes            3


   Skills:
 + Level 1.4 Short Blades
 + Level 2.3 Dodging
 + Level 5.9 Stealth
 + Level 2.6 Spellcasting
 + Level 5.1 Hexes
 + Level 0.6 Ice Magic


You had 2 spell levels left.
You knew the following spells:

 Your Spells              Type           Power        Failure   Level  Hunger
a - Ensorcelled Hibernat  Hex/Ice        ##....       9%          2    ##.....
b - Confuse               Hex            ###.....     7%          3    ###....
c - Corona                Hex            ###....      2%          1    #......


Dungeon Overview and Level Annotations

Branches:
Dungeon (4/15)
 Temple: D:4-7

Altars:


Innate Abilities, Weirdness & Mutations

You have razor-sharp teeth.
You have supernaturally acute eyesight. (SInv)
((You can survive without breathing.))


Message History

You kill the adder!
You have reached level 4!
It was a potion of lignification.
You feel woody for a moment.
It was a potion of haste.
You feel yourself speed up.
* * * LOW HITPOINT WARNING * * *
You feel sick.
Yummy - fresh blood!
Yummy - fresh blood!
There is a lethal amount of poison in your body!
There is a lethal amount of poison in your body!
There is a lethal amount of poison in your body!
* * * LOW HITPOINT WARNING * * *
You feel sick.
There is a stone staircase leading up here.
You turn into a vampire bat.
Your +1 dagger melds into your body.
Your +1 robe melds into your body.
There is a lethal amount of poison in your body!
There is a lethal amount of poison in your body!
There is a lethal amount of poison in your body!
You die...

#.. ..# #.# #.#
#.# #.#
..#####.#####.#
#...b..>...##.#
..#####K##.##.#
#(##.##.#
#.##%##.#
#(.)b...#
####.####
#.<..# ####.#
#.# #.# #)# #.#
..#


There were no monsters in sight!

Vanquished Creatures
  4 adders
  A worm (D:3)
  2 leopard geckos (D:1)
  3 orcs (D:3)
  6 bats
  2 goblins
  8 hobgoblins
  2 kobolds
  2 rats (D:1)
30 creatures vanquished.

Notes
Turn   | Place    | Note
-------+----------+-------------------------------------------
     0 | D:1      | grizmgrazm2 the Vampire Enchanter began the quest for the Orb.
     0 | D:1      | Reached XP level 1. HP: 13/13 MP: 3/3
   474 | D:1      | Reached XP level 2. HP: 4/19 MP: 5/5
   857 | D:1      | Learned a level 2 spell: Ensorcelled Hibernation
  1325 | D:1      | Reached skill level 5 in Stealth
  1395 | D:2      | Reached XP level 3. HP: 24/24 MP: 6/6
  1397 | D:2      | You fall through a shaft for 2 floors!
  1402 | D:4      | Learned a level 3 spell: Confuse
  2070 | D:2      | Reached skill level 5 in Hexes
  2093 | D:2      | Reached XP level 4. HP: 2/30 MP: 1/7
  2101 | D:2      | HP: 1/30 [poisoned by an adder]
  2107 | D:2      | Succumbed to an adder's poison

Skill      XL: |  1  2  3 |
---------------+----------+-----
Stealth        | 5 |  5.9
Hexes          | 5 |  5.1
Short Blades   | |  1.4
Dodging        | |  2.3
Spellcasting   | |  2.6
Ice Magic      | |  0.6

Action                   |  1- 3 |  4- 6 || total
-------------------------+-------+-------++-------
Melee: Dagger            |    97 |       ||    97
       Bite              |     2 |       ||     2
 Cast: Corona            |     7 |       ||     7
       Ensorcelled Hiber |    24 |       ||    24
 Abil: Bat Form          |       |     1 ||     1
  Use: Scroll            |     5 |       ||     5
       Potion            |     4 |     4 ||     8
 Stab: Sleeping          |    20 |       ||    20
Armor: Robe              |    24 |       ||    24
Dodge: Dodged            |    86 |       ||    86
